cohdb
Replays
Latest Replays
All Replays
Popular Replays
Top Player Replays
Match Explorer
How It Works
Community
CoH3 Stats
Reddit
Sign in to upload your games and track your stats! →
Sign in with Steam
Match 44443468
Unlisted
Match 44443468
Overview
Messages
Build Orders
End
Construct Weapon Support Center
Engineer Squad
M1919 Machine Gun Team
Selects Heavy Weapons
M1919 Machine Gun Team
Engineer Squad
Bazooka Squad
Construct Medical Station
Air Support Center
Selects Assault Carriers
M3 Assault Carrier
Scout Squad
M3 Assault Carrier
Bazooka Squad
AI Takeover
Gwangju's Hero Chun Doo-gwang
MonikaのPants
NEP_wilson_NEP
~TAB~ THUND3RCHUNKY
0
0
Comments
sign in to comment!
No comments posted yet!